AoeStats
← Der Sprudel

Arabia

509864823Analyzed
4v4 RM · 3d ago on Sep 28, 2026· 32m 28s· 8 players
Game mode
Random Map
Map size
Large (8 player)
Population
200
Speed
Normal
Resources
Standard
Victory
Conquest
Starting age
Dark Age
Ending age
Imperial Age
RankedLock teamsTeams togetherTeam positionsShared explorationLock speedFull tech treeHidden civsTurbo modeCheats
Victory
Defeat
🇨🇳 Ethiopians · China
1448
+13
🇨🇳 Bulgarians · China
1419
+14
1290
+19
🇨🇳 Huns · China
1236
+21
🇩🇪 Maya · Germany
1526
-24
🇨🇳 Saracens · China
1375
-17
🇯🇵 Britons · Japan
1330
-15
🇩🇪 Persians · Germany
1228
-11
_TY_梦涯
5:19 Loom
9:04 Feudal Age
9:34 Double-Bit Axe
12:29 Fletching
22:21 Wheelbarrow
25:05 Castle Age
24:44 Scale Barding Armor
24:50 Forging
25:13 Bloodlines
24:48 Horse Collar
25:05 Gold Mining
25:48 Husbandry
26:16 Chain Barding Armor
26:53 Iron Casting
27:26 Bow Saw
_TY_品味
0:27 Loom
9:43 Feudal Age
11:43 Horse Collar
12:10 Double-Bit Axe
18:41 Bloodlines
20:55 Scale Barding Armor
21:43 Loom
25:48 Forging
28:05 Fletching
30:32 Castle Age
28:31 Fletching
29:04 Gold Mining
29:23 Padded Archer Armor
30:54 Wheelbarrow
32:19 Bodkin Arrow
32:42 Leather Archer Armor
32:59 Hand Cart
qw75985
5:27 Loom
5:34 Loom
8:33 Feudal Age
9:56 Double-Bit Axe
11:30 Fletching
13:19 Padded Archer Armor
23:11 Castle Age
23:15 Gold Mining
23:13 Crossbowman
23:49 Bodkin Arrow
26:07 Leather Archer Armor
30:02 Ballistics
30:59 Thumb Ring
埃米尔.帖木儿.夏天
6:43 Loom
8:51 Feudal Age
9:53 Double-Bit Axe
20:23 Horse Collar
22:34 Gold Mining
24:59 Castle Age
24:02 Bloodlines
24:23 Scale Barding Armor
24:29 Forging
26:38 Chain Barding Armor
26:39 Bow Saw
26:55 Husbandry
29:30 Iron Casting
Vicky R
0:26 Loom
8:53 Feudal Age
14:02 Fletching
14:49 Double-Bit Axe
15:34 Horse Collar
16:48 Padded Archer Armor
20:50 Wheelbarrow
24:13 Castle Age
22:28 Gold Mining
24:52 Bodkin Arrow
24:18 Crossbowman
25:11 Bow Saw
26:10 Ballistics
26:28 Thumb Ring
28:19 Leather Archer Armor
sada-aki
4:49 Loom
8:24 Feudal Age
8:50 Double-Bit Axe
11:54 Fletching
15:37 Padded Archer Armor
Der Sprudel
4:08 Loom
9:17 Feudal Age
7:35 Loom
10:18 Double-Bit Axe
10:52 Horse Collar
17:32 Scale Barding Armor
18:46 Gold Mining
23:00 Castle Age
23:12 Bloodlines
23:52 Chain Barding Armor
23:45 Bow Saw
24:03 Heavy Plow
26:03 Forging
26:41 Wheelbarrow
25:52 Town Watch
30:23 Husbandry
32:58 Hand Cart
喷火龙
6:57 Loom
8:59 Feudal Age
7:19 Loom
10:24 Double-Bit Axe
Connection lost

Rejoining the realm…

Still unreachable

The connection could not be restored.

Session expired

The server has moved on; the page needs a fresh start.